 Dungeon Crawl Stone Soup version 0.20.1-1-g8b1a95d (webtiles) character file.

179 slep the Skirmisher (level 5, 0/63 HPs)
             Began as a Demonspawn Abyssal Knight on Oct 28, 2017.
             Was a Believer of Lugonu.
             Succumbed to a worker ant's poison
             ... on level 4 of the Dungeon.
             The game lasted 00:14:14 (2811 turns).

slep the Skirmisher (Demonspawn Abyssal Knight)     Turns: 2811, Time: 00:14:15

Health: 0/63       AC:  4    Str: 18    XL:     5   Next: 32%
Magic:  7/7        EV: 12    Int: 14    God:    Lugonu [**....]
Gold:   196        SH:  0    Dex: 12    Spells: 4/4 levels left

rFire    . . .     SeeInvis .   w - -2 war axe (curse)
rCold    . . .     Gourm    .   (no shield)
rNeg     . . .     Faith    .   b - +0 leather armour
rPois    .         Spirit   .   (helmet restricted)
rElec    .         Reflect  .   h - +0 cloak {+Inv}
rCorr    .         Harm     .   (no gloves)
MR       .....     Rnd*Tele +   (no boots)
Stlth    ..........             (no amulet)
Regen    0.2/turn               m - ring of flight
MPRegen  0.1/turn               q - ring of teleportation (curse)

@: berserking, lethally poisoned (0 -> -15), very quick
A: horns 1, powered by death 1, sturdy frame 1
a: Depart the Abyss, Bend Space, Renounce Religion, Evoke Invisibility, Evoke
Flight


You were on level 4 of the Dungeon.
You worshipped Lugonu.
Lugonu was pleased with you.
You were not hungry.

You visited 1 branch of the dungeon, and saw 4 of its levels.
You visited the Abyss 1 time.

You collected 196 gold pieces.

Inventory:

Hand Weapons
 a - a +1 falchion
 e - a +2 dagger of venom
 w - a cursed -2 war axe (weapon)
Missiles
 k - 8 tomahawks (quivered)
Armour
 b - a +0 leather armour (worn)
 h - a +0 cloak of invisibility (worn)
 i - a +0 helmet
 r - a +0 cloak
Jewellery
 m - a ring of flight (left hand)
 q - a cursed ring of teleportation (right hand)
Wands
 f - a wand of polymorph (8/24)
Scrolls
 d - 3 scrolls of fog {unknown}
 g - 5 scrolls of identify {unknown}
 j - 3 scrolls of remove curse {unknown}
 l - a scroll of recharging {unknown}
 s - a scroll of random uselessness {unknown}
Potions
 n - 2 potions of agility
 p - a potion of flight
 v - a potion of brilliance {unknown}
Comestibles
 c - 5 bread rations
 o - a meat ration
 t - a chunk of flesh
 x - a fruit


   Skills:
 + Level 4.0 Fighting
 + Level 3.6 Long Blades
 + Level 2.2 Armour
 + Level 1.6 Dodging
 + Level 0.4 Stealth
 + Level 2.7 Invocations


You had 4 spell levels left.
You didn't know any spells.

Dungeon Overview and Level Annotations

Branches:
Dungeon (4/15)
 Temple: D:4-7

Altars:
Gozag
Nemelex Xobeh
Okawaru


Innate Abilities, Weirdness & Mutations

You have a pair of small horns on your head.
You regenerate a little health from kills.
Your movements are slightly less encumbered by armour. (ER -2)


Message History

The worker ant is heavily wounded.
You feel sick. The worker ant barely misses you.
The worker ant bites you but does no damage.
Your leather armour prevents you from hitting the worker ant.
The worker ant is heavily wounded.
You feel sick. The worker ant bites you.
* * * LOW HITPOINT WARNING * * *
You are lethally poisoned!
The worker ant poisons you! The worker ant barely misses you.
You closely miss the worker ant.
The worker ant is heavily wounded.
* * * LOW HITPOINT WARNING * * *
You feel sick. The worker ant misses you. The worker ant bites you.
* * * LOW HITPOINT WARNING * * *
You are more poisoned.
The worker ant poisons you!
It was a potion of berserk rage.
A red film seems to cover your vision as you go berserk!
You feel yourself moving faster!
You feel mighty!
You die...

# #.......# # #.......#
# #.......# #
#.......#### #######
#.......... .......
#........##############
++.....a.>............##
.......@....#########.##
............# #.##
............# #.##
######......# #รท##
#......# #####.##
#......# #.....##
#......#####.######
#####..............
............##


You could see a worker ant.

Vanquished Creatures
  A crimson imp (D:3)
  Crazy Yiuf (D:2)
  5 adders
  An adder skeleton (D:4)
  3 worms
  2 leopard geckos (D:3)
  An orc (D:3)
  10 bats
  4 giant cockroaches
  8 goblins
  5 hobgoblins
  6 kobolds
  2 quokkas
  A ball python (D:3)
  4 frilled lizards
  6 rats
  A fungus (D:2)
61 creatures vanquished.

Notes
Turn   | Place    | Note
-------+----------+-------------------------------------------
     0 | Abyss:1  | slep the Demonspawn Abyssal Knight began the quest for the Orb.
     0 | Abyss:1  | Reached XP level 1. HP: 18/18 MP: 2/2
   121 | Abyss:1  | Noticed a large abomination
   124 | Abyss:1  | Noticed a shadow
   135 | D:1      | Escaped the Abyss
   753 | D:1      | Reached * piety under Lugonu
   779 | D:1      | Reached skill level 1 in Dodging
   779 | D:1      | Gained mutation: Your movements are slightly less encumbered by armour. (ER -2) [demonic ancestry]
   779 | D:1      | Reached XP level 2. HP: 21/24 MP: 4/4
  1268 | D:2      | Found an opulent altar of Gozag.
  1311 | D:2      | Gained mutation: You have a pair of small horns on your head. [demonic ancestry]
  1311 | D:2      | Reached XP level 3. HP: 18/29 MP: 5/5
  1884 | D:2      | Found a runed door.
  1943 | D:2      | Noticed Crazy Yiuf
  1954 | D:2      | Killed Crazy Yiuf
  1954 | D:2      | Reached XP level 4. HP: 28/37 MP: 6/6
  2111 | D:3      | HP: 1/37 [crimson imp (3)]
  2272 | D:3      | Found an iron altar of Okawaru.
  2317 | D:3      | Reached ** piety under Lugonu
  2334 | D:3      | Gained mutation: You regenerate a little health from kills. [demonic ancestry]
  2334 | D:3      | Reached XP level 5. HP: 31/42 MP: 7/7
  2389 | D:3      | Found a sparkling altar of Nemelex Xobeh.
  2519 | D:3      | Reached skill level 4 in Fighting
  2810 | D:4      | HP: 1/42 [worker ant (2)]
  2811 | D:4      | Succumbed to a worker ant's poison

Skill      XL: |  1  2  3  4  5 |
---------------+----------------+-----
Dodging        | 1 |  1.6
Long Blades    | 2 3 |  3.6
Armour         | 2 |  2.2
Fighting       | 4 |  4.0
Stealth        | |  0.4
Invocations    | |  2.7

Action                   |  1- 3 |  4- 6 || total
-------------------------+-------+-------++-------
Melee: Falchion          |   111 |    93 ||   204
       Headbutt          |    12 |    20 ||    32
       War axe           |       |    18 ||    18
Invok: Depart the Abyss  |     1 |       ||     1
  Use: Potion            |     8 |     2 ||    10
 Stab: Invisible         |     1 |       ||     1
       Sleeping          |       |     1 ||     1
  Eat: Chunk             |     3 |     3 ||     6
Armor: Leather armour    |    31 |    32 ||    63
Dodge: Dodged            |    69 |    58 ||   127
       Rpst.: Falchion   |    31 |    13 ||    44
